Cogmind - Beta 15 @@@ ROGUE MODE // 2025.05.27 @ 22:34:45 Player: Sunvar Result: Destroyed by QZ-OXA(R) with Subdweller Machine Gun Performance ------------- Evolutions (0) 0 Regions Visited (2) 400 Robots Destroyed (12) 60 Value Destroyed (263) 263 Prototype IDs (0) 0 Alien Tech Used (0) 0 Bonus (0) 0 TOTAL SCORE: 723 Bonus ------- None Cogmind --------- Core Integrity 0/250 Matter 225/300 Energy 250/250 System Corruption 0% Temperature Cool (0) Movement Treading (160) Location -10/Subcaves Parts ------- > --- POWER (1) -------- Ion Engine > --- PROPULSION (2) --- Light Treads Light Treads > --- UTILITY (2) ------ Large Storage Unit Seismic Detector > --- WEAPON (2) ------- Particle Gun Hammer > --- INVENTORY (15) --- Light Ion Engine Makeshift Power Source Subdweller Monowheel Huge Storage Unit Light Armor Plating Makeshift Light Armor Plating Particle Gun Peak State ------------ > --- POWER ------------ Ion Engine > --- PROPULSION ------- Light Treads Light Treads > --- UTILITY ---------- Large Storage Unit Seismic Detector > --- WEAPON ----------- Particle Gun Subdweller Machine Gun > --- INVENTORY -------- Ion Engine Light Ion Engine Light Treads Light Treads Huge Storage Unit Seismic Detector Light Armor Plating Makeshift Light Armor Plating Particle Gun Particle Gun Light Assault Rifle Grenade Launcher Grenade Launcher Grenade Launcher Hammer [Rating: 11] Favorites ----------- Power Ion Engine Engine Ion Engine Propulsion Light Treads Treads Light Treads Leg Aluminum Leg Hover Unit Improved Hover Unit Utility Large Storage Unit Device Seismic Detector Storage Large Storage Unit Processor Signal Interpreter Protection Light Armor Plating Weapon Particle Gun Energy Gun Particle Gun Ballistic Gun Assault Rifle Launcher Grenade Launcher Impact Weapon Hammer Build | -11 -10 -10 ------- Run | Yrd Mat Sub Slots Evolved . | . . . Power . | . . . Propulsion . | . . . Utility . | . . . Weapon . | . . . Parts Attached 29 | 7 14 8 Power 3 | 1 1 1 Engine 3 | 1 1 1 Core . | . . . Reactor . | . . . Propulsion 7 | 2 5 . Treads 4 | . 4 . Leg 2 | 2 . . Wheel . | . . . Hover 1 | . 1 . Flight . | . . . Utility 7 | 2 4 1 Device 2 | 1 . 1 Storage 2 | 1 1 . Processor 2 | . 2 . Hackware . | . . . Protection 1 | . 1 . Artifact . | . . . Weapon 12 | 2 4 6 Energy Gun 5 | 1 2 2 Energy Cannon . | . . . Ballistic Gun 3 | 1 . 2 Ballistic Cannon . | . . . Launcher 3 | . 1 2 Special Weapon . | . . . Impact Weapon 1 | . 1 . Slashing Weapon . | . . . Piercing Weapon . | . . . Special Melee Weapon . | . . . Unidentified Prototypes . | . . . Parts Lost 10 | . . 10 Power 1 | . . 1 Propulsion 2 | . . 2 Utility 1 | . . 1 Weapon 6 | . . 6 Highest Loss Streak 10 | . . 10 To Critical Strikes . | . . . Average Backups 10 | 2 11 10 Power 1 | . 1 1 Propulsion 1 | 1 1 1 Utility 2 | . 1 3 Weapon 4 | . 6 3 Tool/Special . | . . . Unused Backups 6 | . . 6 Power 2 | . . 2 Propulsion 1 | . . 1 Utility 2 | . . 2 Weapon 1 | . . 1 Tool/Special . | . . . Average Slot Usage (%) 94 | . 96 92 Engine 12 | . 13 11 Treads 24 | . 23 26 Leg 2 | . 4 . Device 10 | . 10 10 Storage 14 | . 14 14 Energy Gun 15 | . 13 16 Ballistic Gun 8 | . 13 2 Impact Weapon 3 | . . 8 Peak Build Rating 11 | 7 9 11 Average Rating 8 | 5 8 9 On Entrance 5 | . 7 9 Naked Turns . | . . . Heaviest Build 33 | 13 31 33 Greatest Support 40 | 20 40 40 Greatest Overweight (x) 1 | 1 1 1 Average Overweight (x) . | . . . Largest Inventory Capacity 15 | 8 15 15 Average Capacity 13 | 7 12 15 Most Carried 15 | 3 15 15 Average Carried 10 | 2 11 10 Final Capacity 15 | 8 15 15 Final Carried 15 | 3 15 7 Class Distribution -------------------- 100% | Mutant Dominant Class ---------------- Mutant | -10/Materials Mutant | -10/Subcaves Resources | -11 -10 -10 ----------- Run | Yrd Mat Sub Matter Collected 683 | 282 137 264 Remotely . | . . . Salvage Created 343 | 89 143 111 Parts 24 | 6 14 4 Haulers Intercepted . | . . . Recyclers Shooed 2 | . 2 . Parts Field Recycled . | . . . Retrieved Matter . | . . . Parts Self-Destructed 4 | . . 4 Prevented . | . . . Kills | -11 -10 -10 ------- Run | Yrd Mat Sub Combat Hostiles Destroyed 8 | . 5 3 Guns 6 | . 3 3 AOE 2 | . 2 . Classes Destroyed 6 | 2 3 1 Tunneler 1 | 1 . . Recycler 1 | 1 . . Watcher 2 | . 2 . Swarmer 3 | . 3 . Grunt 2 | . 2 . Subdweller 3 | . . 3 Best Kill Streak 3 | 2 3 2 Combat Bots Only 3 | . 3 2 Max Kills in Single Turn 1 | 1 1 1 Gunslinging . | . . . Exploded 1 | . 1 . Melee . | . . . Uniques/NPCs Destroyed . | . . . Combat | -11 -10 -10 -------- Run | Yrd Mat Sub Hostile Shots Fired 69 | . 27 42 Missed 14 | . 8 6 Hits 55 | . 19 36 Projectile 55 | . 19 36 AOE 6 | . . 6 Damage Taken 1224 | . 195 1029 Core 265 | . 13 252 Absorbed by Shields . | . . . Core Remaining (%) 100 | 100 . . Volleys Fired 43 | 4 22 17 Largest 2 | 2 2 2 Hottest 130 | 70 85 130 Shots Fired 81 | 8 43 30 Gun 76 | 8 40 28 Cannon . | . . . Launcher 5 | . 3 2 Special . | . . . Kinetic 37 | 4 22 11 Thermal 39 | 4 18 17 Explosive 5 | . 3 2 Electromagnetic . | . . . Robot Hit Streak 11 | 2 8 11 Robot Miss Streak 4 | 1 4 2 Penetration Max . | . . . Secondary Targets . | . . . Shots Hit Robots 50 | 5 22 23 Core Hits 21 | 3 10 8 Critical Kills . | . . . Critical Parts Destroyed . | . . . Critical Strikes . | . . . Melee Attacks 10 | . 2 8 Impact 10 | . 2 8 Slashing . | . . . Piercing . | . . . Sneak Attacks . | . . . Combat Hostiles . | . . . Follow-up Attacks . | . . . Damage Inflicted 1019 | 75 516 428 Guns 748 | 75 315 358 Cannons . | . . . Explosions 250 | . 180 70 Melee . | . . . Ramming 21 | . 21 . Kinetic 332 | 49 141 142 Thermal 416 | 26 174 216 Explosive 250 | . 180 70 Electromagnetic . | . . . Impact . | . . . Slashing . | . . . Piercing . | . . . Highest Corruption . | . . . Average Corruption . | . . . Corruption Purged . | . . . Corruption Blocked . | . . . Overload Shots . | . . . Overflow Damage 28 | . 28 . Projectiles . | . . . Explosions 28 | . 28 . Melee . | . . . Knockbacks . | . . . Impact . | . . . Kinetic . | . . . Secondary . | . . . Self-Inflicted Damage 21 | . 21 . Shots 1 | . 1 . Rammed 3 | . 3 . Targets Rammed 3 | . 3 . Kicked . | . . . Crushed . | . . . Highest Temperature 258 | 18 258 . Average Temperature 90 | 10 103 . Received Heat Transfer 48 | . 42 6 Effects 1 | . 1 . Energy Bleed 1 | . 1 . Siege Activations . | . . . Martial Activations . | . . . Shielding Activations . | . . . Robots Disrupted . | . . . Combat Hostiles . | . . . Robots Corrupted . | . . . Combat Hostiles . | . . . Parts Fried . | . . . Impact Corruptions . | . . . Robots Melted . | . . . Combat Hostiles . | . . . Parts Melted 1 | . 1 . Heat Transferred 999 | 74 444 481 Parts Sabotaged . | . . . Parts Stolen . | . . . Parts Stripped . | . . . Power Chain Reactions . | . . . Alert | -11 -10 -10 ------- Run | Yrd Mat Sub Maximum Alert Level . | . . . Low Security (%) 100 | 100 100 . Level 1 . | . . . Level 2 . | . . . Level 3 . | . . . Level 4 . | . . . Level 5 . | . . . High Security . | . . . Max Security . | . . . Peak Influence 66 | 5 66 . Initial . | . . . Average 10 | . 11 . Influence Increases 182 | 10 172 . Destroy 0b10 Robot/C 100 | . 100 . Destroy 0b10 Robot/NC 20 | 10 10 . Destroy Leader 14 | . 14 . Successful Hack 12 | . 12 . Select Force Hacks 30 | . 30 . Destroy Structure 6 | . 6 . Influence Decreases 182 | 10 172 . Time Decay 182 | 10 172 . Squads Dispatched 1 | . 1 . Investigation 1 | . 1 . Extermination . | . . . Reinforcement . | . . . Assault . | . . . Garrison . | . . . Intercept . | . . . Searches Triggered . | . . . Construction Impeded . | . . . Haulers Reinforced . | . . . Active Scanning Responses . | . . . Cargo Convoy Interrupts . | . . . Stealth | -11 -10 -10 --------- Run | Yrd Mat Sub Distress Signals . | . . . Communications Jammed . | . . . Distress Signals . | . . . Times Spotted 15 | . 10 5 Peak Tracking Total 4 | . 4 2 Tactical Retreats . | . . . Traps | -11 -10 -10 ------- Run | Yrd Mat Sub Traps Triggered 2 | . 2 . Indirectly . | . . . Trap Hack Attempts . | . . . Triggered . | . . . Disarmed . | . . . Reprogrammed 10 | . 10 . Reused . | . . . Traps Extracted . | . . . Installed . | . . . Triggered . | . . . Machines | -11 -10 -10 ---------- Run | Yrd Mat Sub Machines Disabled . | . . . Max in Single Turn . | . . . Machines Repaired . | . . . Machines Dismantled . | . . . Machines Sabotaged . | . . . Overloaded Fab Kills . | . . . Hacking | -11 -10 -10 --------- Run | Yrd Mat Sub Machines Accessed 7 | . 7 . Terminals 6 | . 6 . Fabricators . | . . . Repair Stations . | . . . Recycling Units 1 | . 1 . Scanalyzers . | . . . Garrison Access . | . . . Total Hacks 18 | . 18 . Successful 12 | . 12 . Failed 6 | . 6 . Catastrophic 1 | . 1 . Database Lockouts . | . . . Manual 10 | . 10 . Terminals 17 | . 17 . Fabricators . | . . . Repair Stations . | . . . Recycling Units 1 | . 1 . Scanalyzers . | . . . Garrison Access . | . . . Terminal Hacks 5 | . 5 . Locate Traps 2 | . 2 . Reprogram Traps 2 | . 2 . Recall Investigation 1 | . 1 . Fabricator Hacks . | . . . Repair Station Hacks . | . . . Recycling Unit Hacks . | . . . Scanalyzer . | . . . Garrison Access Hacks . | . . . Unauthorized Hacks 7 | . 7 . Terminals 6 | . 6 . Botnet 1 | . 1 . Skim 5 | . 5 . Fabricators . | . . . Repair Stations . | . . . Recycling Units 1 | . 1 . Tunnel 1 | . 1 . Scanalyzers . | . . . Garrison Access . | . . . Data Cores Recovered . | . . . Used . | . . . Hacking Detections 6 | . 6 . Full Trace Events . | . . . Feedback Events . | . . . Feedback Blocked . | . . . Robot Schematics Acquired . | . . . Robots Built . | . . . Authchips . | . . . Time . | . . . Total Robot Build Rating . | . . . Part Schematics Acquired . | . . . Parts Built . | . . . Authchips . | . . . Time . | . . . Total Part Build Rating . | . . . Parts Repaired . | . . . Time . | . . . Parts Recycled . | . . . Recycled Matter . | . . . Retrieved Matter . | . . . Retrieved Components . | . . . Parts Scanalyzed . | . . . Part Schematics Acquired . | . . . Parts Damaged . | . . . Bothacking | -11 -10 -10 ------------ Run | Yrd Mat Sub Used RIF Installer . | . . . Robots Hacked . | . . . Non-combat . | . . . Combat . | . . . Robot Hacks Applied . | . . . Relay Couplers Released . | . . . Fabnet Peak Effective % . | . . . Robots Rewired . | . . . Allies Hacked . | . . . Hacks Repelled . | . . . Allies | -11 -10 -10 -------- Run | Yrd Mat Sub Total Allies . | . . . Largest Group . | . . . Highest-Rated Group . | . . . Highest-Rated Ally . | . . . Total Orders . | . . . Ally Attacks . | . . . Total Damage . | . . . Kills . | . . . Allies Corrupted . | . . . Allies Melted . | . . . Intel | -11 -10 -10 ------- Run | Yrd Mat Sub Active Infowar (turns) 1264 | 19 688 557 Seismic 1264 | 19 688 557 Robot Analysis Total . | . . . Derelict Logs Recovered . | . . . Drone Launches . | . . . Drone Recoveries . | . . . Exploration | -11 -10 -10 ------------- Run | Yrd Mat Sub Turns Passed 1703 | 98 881 724 Spaces Moved 905 | 63 461 381 Core 11 | 11 . . Treads 771 | . 390 381 Legs 123 | 52 71 . Wheels . | . . . Hover . | . . . Flight . | . . . Fastest Speed 50 | 50 120 160 Average Speed 155 | 116 157 160 Slowest Speed 240 | 190 240 240 Overloaded Moves . | . . . Propulsion Burnouts . | . . . Robots Hopped . | . . . Potential Cave-ins . | . . . Cave-ins Triggered . | . . . Exploration Rate (%) 33 | 5 67 28 Regions Visited 2 Branch Regions 1 Pre-discovered Areas 1 | . 1 . Known Exits Taken 1 | . 1 . Unknown Exits Taken 1 | 1 . . Scrap Searched . | . . . Spaces Dug 7 | . 7 . Terrain Destroyed 15 | . 11 4 Melee . | . . . Projectile . | . . . AOE 15 | . 11 4 Terrain Rammed . | . . . Walls Destroyed . | . . . Machines Disabled . | . . . Actions | -11 -10 -10 --------- Run | Yrd Mat Sub Total 1092 | 76 569 447 Wait 52 | . 33 19 Move 903 | 62 460 381 Hop . | . . . Pick Up 20 | 3 14 3 Fast Attach 18 | 7 10 1 Attach 14 | . 4 10 Detach 5 | . 5 . Swap 14 | . 8 6 Drop 10 | . 8 2 Fire 43 | 4 22 17 Melee 10 | . 2 8 Ram . | . . . Kick . | . . . Crush 3 | . 3 . Escape Stasis . | . . . Rewire . | . . . Trap . | . . . Miscellaneous . | . . . Route ------- -11/Scrapyard -10/Materials (discovered 3 exits: [*Mat x2] / *Sub) -10/Subcaves (discovered 2 exits: [*Mat] / [*Scr]) History --------- Turn | Location | Event 4 | -11/Scrapyard | Discovered new exit (range 15) 99 | -11/Scrapyard | Entered Materials 303 | -10/Materials | Build established: Mutant 415 | -10/Materials | Discovered new exit (range 9) 597 | -10/Materials | Discovered new exit (range 6) 824 | -10/Materials | Identified exit to Subcaves 889 | -10/Materials | Learned 2 Storage zone layouts 980 | -10/Materials | Entered Subcaves 981 | -10/Subcaves | Approached by a straggling Scientist 1042 | -10/Subcaves | Shifting Twisted Machinery released Mak. Light Armor Plating 1063 | -10/Subcaves | Shifting Twisted Machinery released Sub. Monowheel 1226 | -10/Subcaves | Discovered new exit (range 9) 1256 | -10/Subcaves | Ambushed by Subdwellers from Twisted Machinery 1277 | -10/Subcaves | Core integrity fell below 50% 1289 | -10/Subcaves | Core integrity fell below 20% 1329 | -10/Subcaves | Lost 10 parts (1p2n1u6w) 1380 | -10/Subcaves | Scientist uncovered a shortcut to Scraptown 1579 | -10/Subcaves | Shifting Twisted Machinery released Sub. Shrapnel Launcher 1617 | -10/Subcaves | Shifting Twisted Machinery released Mak. Power Source 1704 | -10/Subcaves | Destroyed by QZ-OXA(R) with Subdweller Machine Gun Last Messages --------------- 01266_ Particle Gun destroyed. 01271_ Lgt. Assault Rifle destroyed. 01285_ LZ-4ZI(R) destroyed. M7-DUY(c): "I think it's somewhere east of here" 01286_ Sub. Machine Gun destroyed. 01294_ Subatomizers dissect the Sub. Monowheel. 01298_ Lgt. Treads destroyed. 01300_ GE-KCK(R) destroyed. 01301_ The unstable cave ceiling collapses. 01306_ Subatomizers dissect the Sub. Monowheel. 01308_ Acquired 42 matter. 01311_ Acquired Sub. Monowheel. 01331_ Acquired 37 matter. M7-DUY(c): "We're getting close, I can feel it." 01341_ Acquired 53 matter. 01380_ M7-DUY(c): "Hah, right again, there it is!" 01383_ M7-DUY(c) exits level. Sub. Shrapnel Launcher falls loose from the Twisted Machinery. Mak. Power Source falls loose from the Twisted Machinery. 01630_ Acquired Mak. Power Source. Map ----- +----------------------------------------------------+ | ???????????????# #?????????????????????????? | | ???????????????# ##????????????????????????? | | ???????????????## ##???????????????????????? | | ????????????????## ##??????????????????????? | | ?????????????????# #??????????????????????? | | ????????????????## #??##??????????????????? | | ????????????????#% #??# ##????????????????? | | ???##???????#???# ##??? ###??????????????? | | ???# #?##### ???# #???? ##?????????????? | | ##?# ## ????## ##???# #?????????????? | | " ## ## ?????# ##### #?????????????? | | ### #?????## ## #?????????????? | | ### ######## """" #??????????????? | | # ## ## " ##" #??????????????? | | "###" "# #?????????????? | | ??# "###" ### #?????????????? | | ??## ## #### ""### "##?###?????????????? | | #?## #### #??## ### ""#?????????????????? | | #?# #?# "### # "##?????????????????? | | ### ##?## ### """#??????????????????? | | ## #???##"= #?## "##""##?????????????????? | | ##???#" #?#" "##"" #?????????????????? | | ##??##""""##"" " ""##?????????????????? | | ###?##"""""""" "" #?????????????????? | | #??? """"## "" #?????????????????? | | "#?? ##### "@ #?????????????????? | | ###### "#?? #????## ##?????????????????? | | ??????#####??? #????## #??????????????????? | | ?????????????###?????# " #??????????????????? | | ?????????????????????# ##?????????????????? | | ?????????????????????# ##????????????????? | | ?????????????????????# ##???????????????? | | ?????????????????????# R ##??????????????? | | ?????????????????????## R #??????????????? | | ???????????????????##?## " ##??????????????? | | ??????????????????## #?# ""#####?????????????? | | ?????????????????## ### "" #?????????????? | | ?????????????????# "]"#### #????????????? | | ?????????????????## " ##??????????????????? | | ?????????????????## " #???????????????????? | | ?????????????????# "" #???????????????????? | | ?????????????????## #" ##??????????????????? | | ????????????????### "" #### #????????????? | | ????????????????#" " " #????????????? | | ????????????????# """ #########????????????? | | ????????###?? ### """" ##????????????????????? | | ?????????" ?? "" "" #?????????????????????? | | ??????????" ?? """"" ##????????????????????? | | ???????????# # ?# """" "##???????????????????? | | ????????????# #### """ ""###?????????????????? | +----------------------------------------------------+ Best States ------------- Heat Dissipation 25 Energy Generation 10 Energy Capacity 250 Matter Stores 300 Matter Capacity 300 Sight Range 16 Terrain Scan Density 10 Armor Coverage 150 Evasion (%) 55 Recoil Reduction 2 Item Schematics ----------------- None Robot Schematics ------------------ None Fabricated ------------ Nothing Repaired ---------- Nothing Alien Tech Used ----------------- None Achievements -------------- None Challenges ------------ None Game ------ Seed NetworkedBladeSplitter Manual? 0 Play Time 00:18:07 Cumulative 178.1 hours Start 2025.05.27 @ 19:00:47 End 2025.05.27 @ 22:34:45 Sessions 2 Manual Loads 0 Difficulty Rogue Special Mode None Game No. 125 Rogue 125 Adventurer 0 Explorer 0 Win Type - Total 7 Types 6/0/1/0/0/0/0/0/0/0 Lore% 67 Gallery% 59 Achievement% 57 Wizard Run 0 Options --------- Layout 0 ASCII 0 Keyboard 1 Movement Numpad Keybinds 0 Fullscreen 1 Font 24/Proggy Map View 76x56 Zoom Use 3% Tactical HUD 1 Map Filters NONE Filters NONE Steam X RUN: d9264397-d745-4a90-bc66-ce4f342c9854